 Dungeon Crawl Stone Soup version 0.31-a0-963-ga325b2283a (webtiles) character file.

Game seed: 776895884972358884

89 Maxmaps the Changeling (level 4, 0/42 HPs)
             Began as an Octopode Shapeshifter on Oct 25, 2023.
             Was an Initiate of Gozag.
             Killed by divine providence
             ... invoked by an orc priest
              (9 damage)
             ... on level 3 of the Dungeon.
             The game lasted 00:01:45 (2549 turns).

Maxmaps the Changeling (Octopode Shapeshifter)      Turns: 2549, Time: 00:01:46

Health: 0/42       AC: 22    Str: 13    XL:     4   Next: 55%
Magic:  4/4        EV:  2    Int: 14    God:    Gozag
Gold:   140        SH:  0    Dex: 11    Spells: 3/3 levels left

rFire   . .          .
                       - Unarmed
rCold   . . .        (no shield)
rNeg    . . .        (helmet currently unavailable)
rPois   +            (no amulet)
rElec   .            (no ring)
rCorr   .            (no ring)
SInv    .            (no ring)
Will    .....        (no ring)
Stlth   +            (no ring)
HPRegen 0.27/turn    (no ring)
MPRegen 0.09/turn    (no ring)
                     (no ring)

%: no passive effects
@: tree-form, gold aura
A: stationary, stasis, torment immunity, boosted hp, almost no armour,
(amphibious), 8 rings, (camouflage 1), (gelatinous body 1), (nimble swimmer 1),
(tentacles)
a: Renounce Religion, Potion Petition, Call Merchant, Bribe Branch


You were on level 3 of the Dungeon.
You worshipped Gozag.
Gozag was aware of your devotion.
You were a tree.
You visited 1 branch of the dungeon, and saw 3 of its levels.

You collected 178 gold pieces.
You paid 38 gold pieces to Gozag.

Inventory:

Talismans
 b - a beast talisman
 c - a flux talisman
Wands
 j - a wand of flame (31)
Scrolls
 e - a scroll of amnesia {unknown}
 g - 2 scrolls of enchant weapon {unknown}
 h - 2 scrolls of immolation {unknown}
 i - 3 scrolls of poison {unknown}
 k - 2 scrolls of identify {unknown}
Potions
 d - 3 potions of curing {unknown}
 f - 2 potions of invisibility {unknown}
 l - a potion of berserk rage {unknown}


   Skills:
 - Level 1.0 Fighting
 - Level 2.0 Dodging
 - Level 3.0 Unarmed Combat
 + Level 4.9 Shapeshifting


You had 3 spell levels left.
You didn't know any spells.
Your spell library was empty.

Dungeon Overview and Level Annotations

Branches:
Dungeon (3/15)

Altars:
Gozag
Makhleb


Innate Abilities, Weirdness & Mutations

You are a tree.
Your roots penetrate the ground, keeping you stationary.
You cannot be teleported.
You are immune to unholy pain and torment.
Your maximum health is greatly increased.
You cannot wear most types of armour.
((You are amphibious.))
You can wear up to eight rings at the same time.
((Your skin changes colour to match your surroundings (Stealth+).))
((Your rubbery body absorbs attacks. (AC +1, EV +1)))
((You are camouflaged when in or above water. (Stealth+)))
((You have tentacles for arms and can constrict up to eight enemies at once.))


Message History

Your transformation has ended.
You turn into a tree.
Your roots penetrate the ground.
You lose your grip on the orc priest.
Unknown command.
You hit the orc.
The orc is moderately wounded.
The orc priest calls upon Beogh to heal the orc.
The orc's wounds heal themselves!
You hit the orc.
The orc is severely wounded.
You barely miss the orc.
The orc is severely wounded.
The orc hits you but does no damage.
You hit the orc.
You kill the orc!
You hit the orc priest.
You punch the orc priest, but do no damage.
The orc priest is moderately wounded.
The orc priest is distracted by your dazzling golden aura.
You closely miss the orc priest.
The orc priest is no longer distracted by gold.
The orc priest is moderately wounded.
The orc priest hits you but does no damage.
You hit the orc priest.
The orc priest is severely wounded.
The orc priest calls upon Beogh to heal the orc priest.
The orc priest is healed somewhat.
The orc priest is distracted by your dazzling golden aura.
The orc priest shouts!
You hit the orc priest but do no damage.
The orc priest is severely wounded.
The orc priest is no longer distracted by gold.
The orc priest hits you but does no damage.
You hit the orc priest but do no damage.
The orc priest is severely wounded.
The orc priest hits you but does no damage.
The orc priest calls down the wrath of Beogh upon you.
Beogh smites you!
You die...
Your body crumbles into a pile of gold.

#######.# #.###...##...##
........# #........##.####
######### ####)...........
#.....##.#### ##...###.# ####
##### #.# ############# #o. ..#
#.# ............# #o# #.# #.#
####..#####.# #♣# #.# #.# ####..#
#.# #.######.####.# ...#..### #.#
#.##..........# ## ........#
#.####.##.###.###..###.
...#<.#.###.##..........##.#..##.
####........##.#........#.###....
.####.#.######.###...#.###.#..###
......#.# #.###..##.# ##..##
#######.# #.........# ##.#


You could see 2 orc priests.

Vanquished Creatures
  2 adders (D:2)
  2 worms
  4 dart slugs
  2 orcs (D:3)
  8 bats
  5 endoplasms
  3 giant cockroaches
  6 hobgoblins
  3 quokkas
  3 ball pythons
  A frilled lizard (D:3)
  5 goblins
  3 kobolds
  3 rats
50 creatures vanquished.

Notes
Turn   | Place    | Note
-------+----------+-------------------------------------------
     0 | D:1      | Maxmaps the Octopode Shapeshifter began the quest for the
                  | Orb.
     0 | D:1      | Reached XP level 1. HP: 13/13 MP: 1/1
   147 | D:1      | Reached XP level 2. HP: 12/18 MP: 2/2
   787 | D:2      | Reached skill level 4 in Shapeshifting
   787 | D:2      | Reached XP level 3. HP: 23/23 MP: 3/3
  1099 | D:2      | Reached XP level 4. HP: 18/28 MP: 4/4
  2037 | D:3      | Found an opulent altar of Gozag.
  2045 | D:3      | Became a worshipper of Gozag Ym Sagoz the Greedy
  2451 | D:3      | Found a burning altar of Makhleb.
  2549 | D:3      | Killed from afar by an orc priest

Illustrated notes

Levels and vault maps discovered:
D:1:      evilmike_arrival_fibonacci_small, layout_loops_ring
D:2:      layout_basic, grunt_decor_junction
D:3:      layout_loops_corners, lightli_temple_of_fire, grunt_gozag_statues

Skill      XL: |  1  2 |
---------------+-------+-----
Shapeshifting  | 4 |  4.9
Fighting       | |  1.0
Dodging        | |  2.0
Unarmed Combat | |  3.0

Action                     |  1- 3 |  4- 6 || total
---------------------------+-------+-------++-------
  Melee: Unarmed           |    59 |    45 ||   104
         Tentacles         |    15 |     7 ||    22
         Constrict         |    13 |    11 ||    24
         Punch             |     1 |     2 ||     3
    Use: Potion            |       |     1 ||     1
   Stab: Sleeping          |     8 |     6 ||    14
 Armour: Skin              |    21 |    22 ||    43
  Dodge: Dodged            |    30 |     5 ||    35

Table legend: (Time is in decaauts)
 A = Elapsed time spent in this place.
 B = Non-inter-level travel time spent in this place.
 C = Inter-level travel time spent in this place.
 D = Time resting spent in this place.
 E = Time spent auto-exploring this place.
 F = Levels seen in this place.
 G = Mean time per level.
                   A        B        C        D        E       F      G
               +--------+--------+--------+--------+--------+-----+--------+
         Total |   2542 |   2449 |     93 |     73 |   2074 |   3 |  847.3 |
       Dungeon |   2542 |   2449 |     93 |     73 |   2074 |   3 |  847.3 |
               +--------+--------+--------+--------+--------+-----+--------+

Top non-repeatable levels by time:
     D:3: 1086 daAuts
     D:1: 735 daAuts
     D:2: 720 daAuts
